 Dungeon Crawl Stone Soup version 0.30-a0-223-gcb0039aa0c (webtiles) character file.

Game seed: 18353856520740737463

4581 gruber the Eclecticist (level 10, -6/50 HPs)
             Began as a Deep Elf Conjurer on Oct 9, 2022.
             Was a Priest of Vehumet.
             Succumbed to a kobold brigand's curare-tipped dart
             ... on level 8 of the Dungeon.
             The game lasted 00:09:16 (9371 turns).

gruber the Eclecticist (Deep Elf Conjurer)          Turns: 9371, Time: 00:09:16

Health: -6/50      AC:  9    Str:  4    XL:     10   Next: 18%
Magic:  24/31      EV: 13    Int: 28    God:    Vehumet [***...]
Gold:   434        SH:  0    Dex: 13    Spells: 32/39 levels left

rFire   . . .      SeeInvis +    C - staff of conjuration
rCold   . . .      Faith    .    (no shield)
rNeg    . . .      Spirit   .    I - +0 steam dragon scales
rPois   .          Reflect  .    (no helmet)
rElec   .          Harm     .    E - +2 cloak
rCorr   +          Rampage  .    s - +0 pair of gloves
Will    +....                    (no boots)
Stlth   ++........               (no amulet)
HPRegen 0.28/turn                w - ring of see invisible
MPRegen 0.22/turn                A - ring of resist corrosion

@: lethally poisoned (-6 -> -44), slowed, very slow
A: no striking features
a: Renounce Religion


You were on level 8 of the Dungeon.
You worshipped Vehumet.
Vehumet was most pleased with you.
You visited 1 branch of the dungeon, and saw 8 of its levels.

You collected 434 gold pieces.

Inventory:

Hand Weapons
 t - a +1 spear of venom
Armour
 s - a +0 pair of gloves (worn)
 E - a +2 cloak (worn)
 I - +0 steam dragon scales (worn)
Magical Staves
 C - a staff of conjuration (weapon)
Jewellery
 w - a ring of see invisible (left hand)
 A - a ring of resist corrosion (right hand)
 H - a ring of ice
Wands
 m - a wand of iceblast (7)
 G - a wand of flame (42)
Scrolls
 e - 5 scrolls of teleportation {unknown}
 f - 5 scrolls of blinking
 h - 10 scrolls of identify {unknown}
 i - 4 scrolls of vulnerability {unknown}
 j - 2 scrolls of noise {unknown}
 k - 3 scrolls of magic mapping {unknown}
 n - a scroll of brand weapon {unknown}
 o - a scroll of butterflies {unknown}
 p - a scroll of immolation {unknown}
 q - a scroll of fear {unknown}
 y - a scroll of enchant weapon {unknown}
 z - 2 scrolls of silence {unknown}
 B - 2 scrolls of enchant armour {unknown}
 D - a scroll of poison {unknown}
Potions
 a - 2 potions of heal wounds {unknown}
 b - a potion of magic
 c - a potion of attraction {unknown}
 d - 8 potions of curing {unknown}
 g - 3 potions of degeneration {unknown}
 l - a potion of brilliance {unknown}
 r - 2 potions of berserk rage {unknown}
 u - 3 potions of lignification {unknown}
 v - 2 potions of might {unknown}
 x - 3 potions of resistance {unknown}
 F - a potion of flight {unknown}


   Skills:
 * Level 3.5 Dodging
 - Level 2.4 Stealth
 - Level 15.0 Spellcasting
 - Level 11.0 Conjurations


You had 32 spell levels left.
You knew the following spells:

 Your Spells              Type           Power      Damage    Failure   Level
a - Magic Dart            Conj           100%       1d8       1%          1
b - Searing Ray           Conj           100%       2d8       1%          2
c - Iskenderun's Mystic   Conj/Tloc      67%        2d14      1%          4

Your spell library contained the following spells:

 Spells                   Type           Power      Damage    Failure   Level
 Static Discharge         Conj/Air       100%       2-7/arc   1%          2
 Shock                    Conj/Air       100%       1d9       1%          1
 Dazzling Flash           Conj/Hex       100%       N/A       1%          3
 Fulminant Prism          Conj/Hex       33%        3d16      1%          4
 Swiftness                Air            21%        N/A       7%          3
 Tukima's Dance           Hex            21%        N/A       7%          3
 Airstrike                Air            10%        2d(2-18)  7%          4
 Yara's Violent Unravell  Hex/Tmut       10%        3d6       17%         5
 Anguish                  Hex/Necr       10%        N/A       24%         4
 Animate Dead             Necr           21%        N/A       24%         4
 Passage of Golubria      Tloc           21%        N/A       24%         4
 Borgnjor's Vile Clutch   Necr/Erth      10%        N/A       54%         5
 Death Channel            Necr           10%        N/A       98%         6
 Enfeeble                 Hex            10%        N/A       100%        7


Dungeon Overview and Level Annotations

Branches:
Dungeon (8/15)             Temple (0/1) D:6
   Lair: D:8-11

Altars:
Cheibriados
Fedhas
Kikubaaqudgha
Qazlal
Sif Muna
Vehumet
Wu Jian
Yredelemnul
The Shining One

Shops:
D:4 ?

Portals:
Abyss: D:8

Annotations:
D:8 2 transporters, lucasj's ghost, novice MiBe


Message History

Casting: Iskenderun's Mystic Blast (dangerous; 1% risk of failure)
Confirm with . or Enter, or press ? or * to list all spells.
You feel a surge of power!
You erupt in a blast of force!
The mystic blast hits the kobold!!
You kill the kobold!
Vehumet accepts your kill.
You feel your power returning.
The mystic blast hits the kobold brigand.
The kobold brigand is almost dead.
The kobold brigand is knocked back by the mystic blast.
The mystic blast hits the kobold!
You kill the kobold!
Vehumet accepts your kill.
You feel very sick.
The kobold brigand throws a curare-tipped dart.
The curare-tipped dart hits you.
You are more poisoned.
You have difficulty breathing.
You feel as though you will be slow longer.
Unknown command.
Casting: Iskenderun's Mystic Blast (dangerous; 1% risk of failure)
Confirm with . or Enter, or press ? or * to list all spells.
Aiming: Searing Ray (safe; 1% risk of failure)
Press: ? - help, Shift-Dir - straight line, f - kobold brigand
Aim: a kobold brigand, wielding a +0 club and quivering curare-tipped darts (almost dead, 79% to hit)
You feel a surge of power!
The searing ray misses the kobold brigand. (Press . to maintain the ray.)
* * * LOW HITPOINT WARNING * * *
You feel extremely sick.
The kobold brigand throws a curare-tipped dart.
The curare-tipped dart hits you.
You are more poisoned.
You have difficulty breathing.
* * * LOW HITPOINT WARNING * * *
You feel as though you will be slow longer.
The searing ray hits the kobold brigand!
You kill the kobold brigand!
Vehumet accepts your kill.
You die...

...# #. ...## #.##+++##.# #. ##
....# #..8...8..# #.# # ###.#
#.........# #.# # #.####
+.........+ #.# #....#
#....)....# #.#
##########..)))))..######.#
#....#..).)))..#....#.#####
####.##..)@...##.####....†)
#..###'''###....÷....###
##...8...8......###.##
##.............# #.#
##############...........# #.#
......)............^.....###.####
###############.#.####...........
#...# ##........## ##
####...#########....##


There were no monsters in sight!

Vanquished Creatures
  A hornet (D:8)
  Prince Ribbit (D:8)
  8 yaks
  2 steam dragons
  Edmund (D:4)
  2 water moccasins
  3 ice beasts
  A sky beast (D:7)
  2 ogres
  3 centaurs
  2 phantoms
  4 bullfrogs
  4 kobold brigands
  A necrophage (D:4)
  3 scorpions
  3 howler monkeys
  Crazy Yiuf (D:7)
  3 jellies (D:5)
  2 orc priests
  4 hounds
  3 iguanas
  3 orc wizards
  A mummy (D:3)
  10 adders
  3 gnolls (D:4)
  A white imp (D:6)
  An ufetubus (D:7)
  2 worms
  A dart slug (D:4)
  18 orcs
  5 bats
  11 endoplasms
  2 giant cockroaches
  13 goblins
  3 hobgoblins
  2 jackals (D:2)
  29 kobolds
  5 quokkas
  10 ball pythons
  12 frilled lizards
  6 rats
192 creatures vanquished.

Vanquished Creatures (others)
  A fungus (D:7)
  23 plants
24 creatures vanquished.

Grand Total: 216 creatures vanquished

Notes
Turn   | Place    | Note
-------+----------+-------------------------------------------
     0 | D:1      | gruber the Deep Elf Conjurer began the quest for the Orb.
     0 | D:1      | Reached XP level 1. HP: 10/10 MP: 6/6
   145 | D:1      | Reached XP level 2. HP: 15/15 MP: 5/8
   187 | D:1      | Reached skill level 5 in Conjurations
  1032 | D:2      | Reached XP level 3. HP: 19/19 MP: 6/9
  1978 | D:3      | Learned a level 2 spell: Searing Ray
  2088 | D:3      | Reached XP level 4. HP: 24/24 MP: 7/10
  2516 | D:3      | Found a snail-covered altar of Cheibriados.
  2675 | D:3      | Noticed a water moccasin
  2680 | D:3      | Killed a water moccasin
  2681 | D:3      | Reached XP level 5. HP: 28/28 MP: 4/11
  2687 | D:3      | Found a basalt altar of Yredelemnul.
  2971 | D:3      | Found a radiant altar of Vehumet.
  2993 | D:3      | Found an ornate altar of the Wu Jian Council.
  3006 | D:3      | Became a worshipper of Vehumet
  3148 | D:4      | Reached XP level 6. HP: 32/32 MP: 6/12
  3292 | D:4      | Found Poam's Magic Scroll Boutique.
  3789 | D:4      | Learned a level 4 spell: Iskenderun's Mystic Blast
  3890 | D:4      | Found an ancient bone altar of Kikubaaqudgha.
  3972 | D:4      | Reached XP level 7. HP: 36/36 MP: 8/13
  4429 | D:4      | Noticed Edmund
  4438 | D:4      | Killed Edmund
  4614 | D:4      | Reached skill level 10 in Conjurations
  4987 | D:5      | Entered Level 5 of the Dungeon
  5231 | D:5      | Reached * piety under Vehumet
  5231 | D:5      | Offered knowledge of Sandblast by Vehumet.
  5489 | D:5      | Reached XP level 8. HP: 41/41 MP: 9/14
  5646 | D:5      | Reached skill level 4 in Spellcasting
  5951 | D:6      | Reached skill level 5 in Spellcasting
  6149 | D:6      | Found a shimmering blue altar of Sif Muna.
  6233 | D:6      | Reached skill level 6 in Spellcasting
  6291 | D:6      | Found a stormy altar of Qazlal.
  6335 | D:6      | Reached skill level 7 in Spellcasting
  6377 | D:6      | Found a staircase to the Ecumenical Temple.
  6587 | D:6      | Reached skill level 8 in Spellcasting
  6859 | D:6      | Found a glowing golden altar of the Shining One.
  7113 | D:7      | Reached skill level 9 in Spellcasting
  7315 | D:7      | Reached ** piety under Vehumet
  7316 | D:7      | Offered knowledge of Momentum Strike by Vehumet.
  7317 | D:7      | Reached skill level 10 in Spellcasting
  7317 | D:7      | Reached XP level 9. HP: 45/45 MP: 18/25
  7406 | D:7      | Reached skill level 11 in Spellcasting
  7688 | D:7      | Found a blossoming altar of Fedhas.
  7725 | D:7      | Reached skill level 12 in Spellcasting
  7846 | D:7      | Found a runed translucent door.
  7847 | D:7      | Noticed Crazy Yiuf
  8382 | D:7      | Killed Crazy Yiuf
  8582 | D:8      | Found a transporter.
  8583 | D:8      | Noticed Prince Ribbit
  8593 | D:8      | Killed Prince Ribbit
  8594 | D:8      | Reached skill level 13 in Spellcasting
  8780 | D:8      | Found a transporter.
  8795 | D:8      | Found a one-way gate to the infinite horrors of the Abyss.
  8795 | D:8      | Noticed lucasj's ghost (novice MiBe)
  8940 | D:8      | Reached skill level 14 in Spellcasting
  8952 | D:8      | Reached XP level 10. HP: 41/50 MP: 16/30
  8986 | D:8      | Offered knowledge of Static Discharge by Vehumet.
  8987 | D:8      | Reached skill level 15 in Spellcasting
  9368 | D:8      | Reached *** piety under Vehumet
  9371 | D:8      | Succumbed to a kobold brigand's curare-tipped dart

Illustrated notes

Levels and vault maps discovered:
D:1:      dpeg_arrival_radiant, layout_rooms, minmay_pentomino_v2
D:2:      layout_loops_corners, hangedman_glass_teeth, serial_bayou_pond_b,
          minmay_stone_trees_medium, st_stairs_10
D:3:      layout_loops_ring, gammafunk_temple_overflow_forgotten, slow_altar_1,
          serial_bayou_lagoon_b
D:4:      minmay_general_purpose_star, layout_layer_cave,
          mainiacjoe_overflow_alcove_4, serial_shops, nicolae_shop_statue_plus,
          hex_large, uniq_edmund
D:5:      layout_cave_pools, minmay_lizard_king
D:6:      layout_loops_cross, nicolae_overflow_hidden_temple,
          lemuel_coloured_pillars_altar, minmay_temple_entry_statues_fountains
D:7:      layout_basic, lemuel_tele_altar, uniq_crazy_yiuf_cottage
D:8:      wander_kiku_kobolds, layout_rooms, gammafunk_ghost_abyssal_escape,
          uniq_prince_ribbit1

Skill      XL: |  1  2  3  4  5  6  7  8  9 10 |
---------------+-------------------------------+-----
Conjurations   | 5 6 7 8 9 11 | 11.0
Spellcasting   | 10 14 15 | 15.0
Dodging        | 3 |  3.5
Stealth        | |  2.4

Action                   |  1- 3 |  4- 6 |  7- 9 | 10-12 || total
-------------------------+-------+-------+-------+-------++-------
Melee: Unarmed           |     1 |       |       |       ||     1
       Spear             |       |       |     5 |       ||     5
 Cast: Magic Dart        |    78 |    74 |   146 |     3 ||   301
       Searing Ray       |       |     8 |    38 |     4 ||    50
       Iskenderun's Myst |       |       |    15 |     4 ||    19
Armor: Robe              |     2 |       |     8 |       ||    10
       Steam dragon scal |       |       |     1 |     3 ||     4
Dodge: Dodged            |     5 |     4 |    27 |    12 ||    48

Table legend: (Time is in decaauts)
 A = Elapsed time spent in this place.
 B = Non-inter-level travel time spent in this place.
 C = Inter-level travel time spent in this place.
 D = Time resting spent in this place.
 E = Time spent auto-exploring this place.
 F = Levels seen in this place.
 G = Mean time per level.
                   A        B        C        D        E       F      G
               +--------+--------+--------+--------+--------+-----+--------+
         Total |   9384 |   9066 |    318 |      0 |   8178 |   8 | 1173.0 |
       Dungeon |   9384 |   9066 |    318 |      0 |   8178 |   8 | 1173.0 |
               +--------+--------+--------+--------+--------+-----+--------+

Top non-repeatable levels by time:
     D:4: 1770 daAuts
     D:7: 1485 daAuts
     D:2: 1327 daAuts
     D:3: 1255 daAuts
     D:6: 1105 daAuts
     D:5: 905 daAuts
     D:8: 889 daAuts
     D:1: 646 daAuts
